 Dungeon Crawl Stone Soup version 0.22-a0-160-gcc81d7a (webtiles) character file.

357 vishdafish the Charmwright (level 6, -1/44 HPs)
             Began as a Demonspawn Skald on Feb 10, 2018.
             Killed from afar by an orc wizard (3 damage)
             ... with a magic dart
             ... on level 4 of the Dungeon.
             The game lasted 00:10:50 (3780 turns).

vishdafish the Charmwright (Demonspawn Skald)       Turns: 3780, Time: 00:10:51

Health: -1/44      AC:  8    Str: 13    XL:     6   Next: 36%
Magic:  0/9        EV: 13    Int: 16    God:
Gold:   150        SH:  0    Dex: 15    Spells: 8/9 levels left

rFire    . . .     SeeInvis +   a - +0 falchion
rCold    . . .     Gourm    .   (no shield)
rNeg     . . .     Faith    .   b - +0 leather armour
rPois    .         Spirit   +   x - +2 helmet of Shielding {Dex+2}
rElec    .         Reflect  .   e - +0 cloak
rCorr    .         Harm     .   u - +0 pair of gloves
MR       .....                  (no boots)
Stlth    +.........             q - amulet of guardian spirit
HPRegen  0.14/turn              i - +2 ring of strength
MPRegen  0.11/turn              r - ring of see invisible

@: no status effects
A: talons 2, spiny 1
a: no special abilities


You were on level 4 of the Dungeon.
You were hungry.

You visited 1 branch of the dungeon, and saw 4 of its levels.

You collected 150 gold pieces.

Inventory:

Hand Weapons
 a - a +0 falchion (weapon)
Missiles
 l - 8 javelins (quivered)
Armour
 b - a +0 leather armour (worn)
 e - a +0 cloak (worn)
 u - a +0 pair of gloves (worn)
 x - the +2 helmet of Shielding (worn) {Dex+2}
   (You found it on level 4 of the Dungeon)

   It affects your dexterity (+2).
Magical Staves
 w - an uncursed staff of earth {unknown}
Jewellery
 i - a +2 ring of strength (left hand)
 q - an amulet of guardian spirit (around neck)
 r - a ring of see invisible (right hand)
 t - an uncursed ring of protection from magic
Scrolls
 h - 2 scrolls of fog
 j - a scroll of blinking {unknown}
 k - a scroll of remove curse
 n - a scroll of immolation {unknown}
 o - 2 scrolls of random uselessness {unknown}
 s - a scroll of fear {unknown}
Potions
 m - 2 potions of magic
Books
 c - a book of Battle

   Spells                             Type                      Level
   a - Infusion                       Charms                       1
   b - Shroud of Golubria             Charms/Translocation         2
   c - Song of Slaying                Charms                       2
   d - Spectral Weapon                Hexes/Charms                 3
   e - Regeneration                   Charms/Necromancy            3
Comestibles
 d - 7 rations


   Skills:
 + Level 2.2 Fighting
 + Level 3.4 Long Blades
 - Level 2.7 Armour
 + Level 3.4 Dodging
 - Level 2.0 Spellcasting
 + Level 4.0 Charms


You had 8 spell levels left.
You knew the following spells:

 Your Spells              Type           Power        Failure   Level  Hunger
a - Infusion              Chrm           ##..         4%          1    #......


Dungeon Overview and Level Annotations

Branches:
Dungeon (4/15)
 Temple: D:4-7

Altars:
Nemelex Xobeh
Sif Muna


Innate Abilities, Weirdness & Mutations

You have razor-sharp toenails.
You are partially covered in sharp spines.


Message History

You hit the orc. Your kick misses the orc.
The orc is severely wounded.
The orc closely misses you. The orc closely misses you.
The orc wizard hits you but does no damage.
The orc wizard is struck by your spines.
The orc wizard misses you.
The orc wizard is struck by your spines.
The orc wizard closely misses you.
The orc wizard points at you and mumbles some strange words.
The magic dart hits you!
* * * LOW HITPOINT WARNING * * *
The orc wizard casts a spell at you. The magic dart hits you!
* * * LOW HITPOINT WARNING * * *
You see here a tomahawk.
The orc wizard begins to cast a cantrip, but forgets the words!
The orc wizard points at you and mumbles some strange words.
The magic dart hits you!
You die...

.....................#
......##.............#
...........###########
......#...##
..........##########
.......##...(......#
...................#
...........(......[#
..........(..o.o@[<#
...........(og.g...#
######.............#
...................#
...................#
...................#
.....[.............#
...................#
......##############


You could see an orc wizard, 2 gnolls and 2 orcs.

Vanquished Creatures
  A hound (D:4)
  A gnoll shaman (D:4)
  An orc priest (D:3)
  An iguana (D:3)
  2 worker ants (D:4)
  A hound skeleton (D:4)
  5 gnolls (D:4)
  3 adders
  2 oozes
  2 worms
  2 dart slugs
  A leopard gecko (D:4)
  8 orcs
  5 giant cockroaches
  5 goblins
  2 hobgoblins
  21 jackals
  A quokka (D:3)
  2 ball pythons
  A ball python skeleton (D:4)
  5 bats (D:1)
  6 frilled lizards
  5 kobolds
  4 rats
87 creatures vanquished.

Notes
Turn   | Place    | Note
-------+----------+-------------------------------------------
     0 | D:1      | vishdafish the Demonspawn Skald began the quest for the Orb.
     0 | D:1      | Reached XP level 1. HP: 16/16 MP: 3/3
   157 | D:1      | Reached skill level 1 in Armour
   275 | D:1      | Gained mutation: You have sharp toenails. [demonic ancestry]
   275 | D:1      | Reached XP level 2. HP: 19/22 MP: 5/5
   923 | D:2      | Found a sparkling altar of Nemelex Xobeh.
  1085 | D:2      | Reached skill level 3 in Charms
  1085 | D:2      | Reached XP level 3. HP: 12/27 MP: 0/6
  1447 | D:2      | Found a deep blue altar of Sif Muna.
  2436 | D:4      | Reached XP level 4. HP: 19/33 MP: 1/7
  2723 | D:3      | Gained mutation: You are partially covered in sharp spines. [demonic ancestry]
  2723 | D:3      | Reached XP level 5. HP: 7/38 MP: 0/8
  3192 | D:4      | Got a brightly glowing helmet
  3198 | D:4      | Identified the +2 helmet of Shielding {Dex+2} (You found it on level 4 of the Dungeon)
  3494 | D:4      | Gained mutation: You have razor-sharp toenails. [demonic ancestry]
  3494 | D:4      | Reached XP level 6. HP: 36/44 MP: 5/9
  3663 | D:4      | HP: 1/44 [gnoll/spear (5)]
  3681 | D:4      | Reached skill level 4 in Charms
  3775 | D:4      | HP: 1/44 [orc wizard/magic dart (3)]
  3780 | D:4      | Killed from afar by an orc wizard

Vault maps used:
D:1:      dpeg_arrival_shrine
D:2:      lemuel_blue_sif_altar, serial_bayou, serial_bayou_crossing,
          serial_bayou_shore_b, serial_bayou_pond_a, serial_bayou_ford_a,
          nemelex_xobeh_ov_fountains_minmay
D:4:      lemuel_castle_with_subvaults, first_ration, kennysheep_small_square

Skill      XL: |  1  2  3  4  5  6 |
---------------+-------------------+-----
Armour         | 1 2 |  2.7
Long Blades    | 2 3 |  3.4
Dodging        | 2 3 |  3.4
Charms         | 3 4 |  4.0
Fighting       | |  2.2
Spellcasting   | |  2.0

Action                   |  1- 3 |  4- 6 || total
-------------------------+-------+-------++-------
Melee: Falchion          |   123 |    97 ||   220
       Kick              |    24 |    17 ||    41
Throw: Javelin           |     3 |     3 ||     6
 Cast: Infusion          |     5 |     9 ||    14
  Use: Scroll            |     2 |     4 ||     6
       Potion            |       |     5 ||     5
  Eat: Chunk             |     4 |     5 ||     9
Armor: Leather armour    |    39 |    24 ||    63
       Skin              |       |   100 ||   100
Dodge: Dodged            |    91 |    90 ||   181
       Rpst.: Falchion   |    30 |    24 ||    54

Table legend:
 A = Spawn XP
 B = Non-spawn XP
 C = Spawn XP percentage of total XP
 D = Spawn monster count
 E = Non-spawn monster count
 F = Spawn count percentage of total count
 G = Total turns spent on level
                    A         B        C        D         E        F      G
               +---------+---------+-------+---------+---------+-------+---------
         Total |       0 |     510 |   0.0 |       0 |      87 |   0.0 |  3780
               +---------+---------+-------+---------+---------+-------+---------
           D:1 |       0 |      27 |   0.0 |       0 |      18 |   0.0 |   826
           D:2 |       0 |      31 |   0.0 |       0 |      12 |   0.0 |   936
           D:3 |       0 |     126 |   0.0 |       0 |      20 |   0.0 |  1124
           D:4 |       0 |     326 |   0.0 |       0 |      37 |   0.0 |   894
               +---------+---------+-------+---------+---------+-------+---------
